 Dungeon Crawl Stone Soup version 0.24-a0-479-g9a978d2894 (webtiles) character file.

Game seed: 11311374105655833428

6174 CandyEater the Geomancer (level 10, -2/56 HPs)
             Began as a Gargoyle Earth Elementalist on July 6, 2019.
             Was an Initiate of Vehumet.
             Slain by a yaktaur captain (11 damage)
             ... on level 9 of the Dungeon.
             The game lasted 00:28:31 (9628 turns).

CandyEater the Geomancer (GrEE)                     Turns: 9628, Time: 00:28:32

Health: -2/56      AC: 14    Str: 21 (22) XL:     10   Next: 91%
Magic:  2/21       EV: 12    Int: 16 (18) God:    Vehumet [......]
Gold:   281        SH:  0    Dex:  8 (10) Spells: 12/24 levels left

rFire    . . .     SeeInvis .   q - +5 spear (pierce)
rCold    + . .     Gourm    .   (no shield)
rNeg     + . .     Faith    .   u - +2 robe {rC+}
rPois    ∞         Spirit   .   (helmet restricted)
rElec    +         Reflect  .   x - +1 cloak
rCorr    +         Harm     .   r - +0 pair of gloves
MR       .....                  (no boots)
Stlth    ++........             n - amulet of regeneration
HPRegen  0.58/turn              l - +4 ring of strength
MPRegen  0.17/turn              o - ring of resist corrosion

@: mighty, very slightly contaminated
A: antennae 1, negative energy resistance 1, electricity resistance, wild magic
1, unbreathing, petrification resistance, rot immunity, MP-powered wands, AC +7
a: Renounce Religion


You were on level 9 of the Dungeon.
You worshipped Vehumet.
Vehumet was noncommittal.
You were hungry.

You visited 2 branches of the dungeon, and saw 10 of its levels.

You collected 461 gold pieces.
You spent 180 gold pieces at shops.

Inventory:

Hand Weapons
 p - a +0 flail
 q - a +5 spear of piercing (weapon)
 C - a +0 flail of protection
Missiles
 b - 3 throwing nets
 j - 193 stones (quivered)
Armour
 r - a +0 pair of gloves (worn)
 u - a +2 robe of cold resistance (worn)
 x - a +1 cloak (worn)
Jewellery
 f - an uncursed ring of fire
 l - a +4 ring of strength (left hand)
 n - an amulet of regeneration (around neck)
 o - a ring of resist corrosion (right hand)
 y - an uncursed amulet of rage
 B - an uncursed ring of ice
Wands
 m - a wand of enslavement (5)
 t - a wand of polymorph (22)
 E - a wand of iceblast (9)
 G - a wand of acid (8)
Scrolls
 e - 6 scrolls of teleportation
 h - 8 scrolls of identify
 v - 2 scrolls of remove curse
 A - a scroll of amnesia
 D - 2 scrolls of immolation
Potions
 c - a potion of magic
 g - 2 potions of brilliance
 k - a potion of agility
 w - 2 potions of mutation
 H - a potion of ambrosia
Comestibles
 d - 21 rations


   Skills:
 + Level 3.5 Fighting
 + Level 3.2 Maces & Flails
 + Level 3.7 Armour
 + Level 3.3 Dodging
 - Level 2.1 Stealth
 + Level 7.8 Spellcasting
 + Level 8.6 Conjurations
   Level 0.7 Transmutations
 + Level 10.3 Earth Magic
 + Level 3.0 Evocations


You had 12 spell levels left.
You knew the following spells:

 Your Spells              Type           Power        Failure   Level  Hunger
a - Sandblast             Erth           ######       1%          1    None
b - Stone Arrow           Conj/Erth      #####.       1%          3    ##.....
c - Lee's Rapid Deconstr  Erth           ######....   8%          5    #####..
d - Mephitic Cloud        Conj/Pois/Air  ###.....     16%         3    ##.....

Your spell library contained the following spells:

 Spells                   Type           Power        Failure   Level  Hunger
 Magic Dart               Conj           ####         1%          1    None
 Sting                    Conj/Pois      ####         3%          1    None
 Passwall                 Tmut/Erth      ####....     3%          2    None
 Conjure Flame            Conj/Fire      ####....     10%         3    ##.....
 Dazzling Spray           Conj/Hex       ####..       10%         3    ##.....
 Corona                   Hex            #......      17%         1    None
 Petrify                  Tmut/Erth      ####....     17%         4    ####...
 Blink                    Tloc           N/A          24%         2    None
 Call Imp                 Summ           #.......     24%         2    None
 Ensorcelled Hibernation  Hex/Ice        #.....       24%         2    None
 Slow                     Hex            #.......     24%         2    None
 Confuse                  Hex            #.......     43%         3    ##.....
 Tukima's Dance           Hex            #.......     43%         3    ##.....


Dungeon Overview and Level Annotations

Branches:
Dungeon (9/15)             Temple (1/1) D:7
   Lair: D:8-11         Orc: D:9-12

Altars:
Ashenzari
Cheibriados
Dithmenos
Elyvilon
Fedhas
Gozag
Hepliaklqana
Kikubaaqudgha
Makhleb
Nemelex Xobeh
Okawaru
Qazlal
Ru
Sif Muna
Trog
Uskayaw
Vehumet
Wu Jian
Xom
Yredelemnul
Zin
The Shining One

Shops:
D:4 ?   D:9 [

Annotations:
D:9 1 transporter


Innate Abilities, Weirdness & Mutations

You are resistant to torment.
Your stone body is resilient. (AC +7)
You are immune to poison.
You resist negative energy. (rN+)
You are resistant to electric shocks. (rElec)
You can survive without breathing.
You are immune to petrification.
You are immune to rotting.
You have a pair of small antennae on your head.
Your spells are a little harder to cast, but a little more powerful.
You expend magic power (3 MP) to strengthen your wands.


Message History

The yaktaur captain hits you!
* * * LOW HITPOINT WARNING * * *
Casting: Lee's Rapid Deconstruction (safe; 7% risk of failure)
Confirm with . or Enter, or press ? or * to list all spells.
Aiming: Sandblast (safe; 1% risk of failure)
Press: ? - help, Shift-Dir - straight line, f - yaktaur captain
Aim: a yaktaur captain (severely wounded)
The blast of sand hits the yaktaur captain.
The yaktaur captain is severely wounded.
j - 193 stones The yaktaur captain hits you.
* * * LOW HITPOINT WARNING * * *
It was a potion of degeneration.
There was something very wrong with that liquid.
You feel weakened.
You feel dopey.
You feel clumsy. The yaktaur captain misses you.
It was a potion of might.
You feel very mighty all of a sudden. The yaktaur captain hits you!
You die...

##### ### ###... ##...######.##
####....
#####........#...###..#....
##.....©....................
#..#########................
#.##8$._.$8##.#.##..........
#.#..[:$?$..#..........#....
#.#.##...##(#..........####.
#.#.##...##@#..........# #.
#.#.......c©#..........####.
#.#.##...##)#.#......#....#.
#.#.##.©.##.#.#.....##....##
#.#.........#.#...###.......
#.##8...c98##......##.......
###..#########.......##.......
#.##.....§....................
##......#......................


You could see a yaktaur captain.

Vanquished Creatures
  Pikel (D:4)
  A gargoyle (D:9)
  Sigmund (D:4)
  A hippogriff (D:8)
  A wyvern (D:9)
  5 yaks
  Menkaure (D:4)
  Duvessa (D:4)
  2 phantoms
  An ice beast (D:8)
  A sky beast (D:9)
  6 ogres
  3 centaurs
  A crocodile (D:9)
  3 bullfrogs
  A wyvern zombie (D:9)
  A gnoll sergeant (D:3)
  Dowan (D:4)
  6 scorpions
  2 howler monkeys
  A bullfrog zombie (D:6)
  4 centaur zombies
  6 crimson imps
  An orc priest (D:8)
  4 hounds
  3 gnoll shamans (D:3)
  Crazy Yiuf (D:7)
  2 bullfrog skeletons
  A jelly (D:7)
  2 centaur skeletons
  4 iguanas
  5 worker ants
  5 orc wizards
  2 killer bee zombies
  2 hound zombies (D:6)
  2 hound skeletons
  Robin (D:4)
  A worker ant zombie (D:6)
  35 gnolls
  2 howler monkey skeletons
  6 adders
  A shadow imp (D:6)
  2 adder zombies (D:6)
  3 adder skeletons
  A worm (D:2)
  2 dart slugs (D:1)
  9 leopard geckos
  22 orcs
  6 bats
  4 giant cockroaches
  28 goblins
  11 hobgoblins
  34 jackals
  2 quokkas
  A ball python (D:8)
  3 frilled lizards
  A jackal skeleton (D:5)
  A jackal zombie (D:6)
  3 kobolds
  3 leopard gecko zombies (D:6)
  A quokka zombie (D:6)
  4 rats
  A fungus (D:7)
273 creatures vanquished.

Vanquished Creatures (collateral kills)
  An orc (D:3)
1 creature vanquished.

Vanquished Creatures (others)
  A slave (D:4)
  A jelly (D:9)
  An adder (D:4)
  An orc (D:3)
  A hobgoblin (D:4)
  A plant (D:3)
6 creatures vanquished.

Grand Total: 280 creatures vanquished

Notes
Turn   | Place    | Note
-------+----------+-------------------------------------------
     0 | D:1      | CandyEater the Gargoyle Earth Elementalist began the quest
                  | for the Orb.
     0 | D:1      | Reached XP level 1. HP: 10/10 MP: 3/3
    81 | D:1      | Reached XP level 2. HP: 15/15 MP: 5/5
    88 | D:1      | Reached skill level 4 in Earth Magic
   533 | D:1      | Reached XP level 3. HP: 12/19 MP: 6/6
   538 | D:1      | Learned a level 3 spell: Stone Arrow
  1127 | D:2      | Reached skill level 1 in Conjurations
  1221 | D:2      | Gained mutation: You expend magic power (3 MP) to
                  | strengthen your wands. [potion of mutation]
  1221 | D:2      | Gained mutation: You have a pair of small antennae on your
                  | head. [potion of mutation]
  1221 | D:2      | Gained mutation: Your spells are a little harder to cast,
                  | but a little more powerful. [potion of mutation]
  1414 | D:2      | Found an iron altar of Okawaru.
  1463 | D:2      | Reached XP level 4. HP: 21/24 MP: 8/8
  1732 | D:2      | Found a glowing golden altar of the Shining One.
  1912 | D:3      | Reached skill level 5 in Earth Magic
  2071 | D:3      | Reached XP level 5. HP: 22/28 MP: 9/9
  2237 | D:3      | Learned a level 5 spell: Lee's Rapid Deconstruction
  2972 | D:3      | Found a glowing golden altar of the Shining One.
  2972 | D:3      | Found a white marble altar of Elyvilon.
  2972 | D:3      | Found a glowing silver altar of Zin.
  3094 | D:3      | Noticed an ogre
  3101 | D:3      | Killed an ogre
  3101 | D:3      | Reached XP level 6. HP: 13/32 MP: 2/11
  3444 | D:3      | Reached skill level 6 in Earth Magic
  3752 | D:3      | Reached XP level 7. HP: 36/36 MP: 6/13
  4652 | D:4      | Learned a level 3 spell: Mephitic Cloud
  4662 | D:4      | Noticed Duvessa
  4666 | D:4      | Noticed Dowan
  4669 | D:4      | Noticed Robin
  4676 | D:4      | Killed Duvessa
  4676 | D:4      | Reached skill level 5 in Spellcasting
  4676 | D:4      | Reached skill level 7 in Earth Magic
  4709 | D:4      | Killed Dowan
  4709 | D:4      | Reached skill level 5 in Conjurations
  4709 | D:4      | Reached XP level 8. HP: 28/41 MP: 11/15
  4722 | D:4      | Killed Robin
  5053 | D:4      | Noticed Pikel
  5060 | D:4      | Killed Pikel
  5060 | D:4      | Reached skill level 8 in Earth Magic
  5095 | D:4      | Noticed Menkaure
  5100 | D:4      | Killed Menkaure
  5315 | D:4      | Found Soily's Magic Scroll Boutique.
  5318 | D:4      | Bought a scroll of teleportation for 36 gold pieces
  5318 | D:4      | Bought a scroll of identify for 24 gold pieces
  5318 | D:4      | Bought a scroll of identify for 24 gold pieces
  5318 | D:4      | Bought a scroll of identify for 24 gold pieces
  5318 | D:4      | Bought a scroll of teleportation for 36 gold pieces
  5318 | D:4      | Bought a scroll of remove curse for 36 gold pieces
  5634 | D:4      | Noticed Sigmund
  5638 | D:4      | Killed Sigmund
  5638 | D:4      | Reached XP level 9. HP: 45/45 MP: 11/18
  5787 | D:5      | Entered Level 5 of the Dungeon
  5968 | D:5      | Found a burning altar of Makhleb.
  5968 | D:5      | Noticed an Executioner
  6029 | D:5      | Reached skill level 9 in Earth Magic
  6869 | D:6      | Found a shadowy altar of Dithmenos.
  6957 | D:6      | Found a stormy altar of Qazlal.
  7271 | D:6      | Reached skill level 1 in Fighting
  7367 | D:6      | Reached skill level 1 in Maces & Flails
  7505 | D:6      | Found a deep blue altar of Sif Muna.
  7514 | D:6      | Reached skill level 1 in Armour
  7519 | D:6      | Identified Sif Muna's Incunabulum of Conjuration
  7571 | D:7      | Reached skill level 1 in Evocations
  7584 | D:7      | Found a hide-covered altar of Uskayaw.
  8033 | D:7      | Found a staircase to the Ecumenical Temple.
  8041 | Temple   | Entered the Ecumenical Temple
  8226 | D:7      | Found a runed translucent door.
  8227 | D:7      | Noticed Crazy Yiuf
  8232 | D:7      | Killed Crazy Yiuf
  8270 | D:8      | Reached XP level 10. HP: 53/53 MP: 14/20
  8883 | D:9      | Reached skill level 10 in Earth Magic
  8912 | D:9      | Found a radiant altar of Vehumet.
  8917 | D:9      | Found Yrphieq's Antique Armour Boutique.
  8932 | D:9      | Became a worshipper of Vehumet
  9164 | D:9      | Found a transporter.
  9165 | D:9      | Found a bloodstained altar of Trog.
  9165 | D:9      | Found a transporter.
  9168 | D:9      | Noticed a yaktaur captain
  9168 | D:9      | Noticed a gargoyle
  9619 | D:9      | Killed a gargoyle
  9628 | D:9      | Slain by a yaktaur captain

Levels and vault maps discovered:
D:1:      psy_arrival_statuary, layout_rooms, minmay_misc_feat_x,
          minmay_pentomino_v4
D:2:      layout_basic, marbit_many_paths, corner_web_ring, tso_altar
D:3:      lemuel_castle_with_subvaults [lemuel_castle_interior_carwin_3],
          layout_basic, good_gods_mini_temple, first_ration
D:4:      layout_layer_cave, serial_shops, kennysheep_mini, uniq_sigmund,
          uniq_pikel, uniq_duvessa, uniq_robin, uniq_menkaure
D:5:      layout_basic, makhleb_altar_promises_db, minmay_misc_feat_nine_boxes
D:6:      layout_loops_ring, grunt_qazlal_clouds, lemuel_crystal_altar,
          led_sif_book, serial_undead, serial_undead_e, serial_undead_d,
          serial_undead_f, serial_undead_b, serial_undead_a, serial_undead_f,
          minmay_ogre_servants
D:7:      layout_cave_pools, old_standard_altar,
          minmay_temple_entry_purple_smoke, uniq_crazy_yiuf_cottage
D:8:      layout_rooms
D:9:      layout_cave_pools, fiery_altar_vehumet,
          gammafunk_temple_overflow_arena, serial_shops, shop, grunt_ogre_cave
Temple:   jpeg_temple_clearing

Skill      XL: |  1  2  3  4  5  6  7  8  9 10 |
---------------+-------------------------------+-----
Earth Magic    | 4 5 6 7 8 9 10 | 10.3
Conjurations   | 1 2 3 5 6 7 8 |  8.6
Spellcasting   | 3 4 5 6 7 |  7.8
Fighting       | 1 3 |  3.5
Maces & Flails | 1 3 |  3.2
Armour         | 1 3 |  3.7
Dodging        | 2 3 |  3.3
Evocations     | 1 3 |  3.0
Stealth        | |  2.1
Transmutations | |  0.7

Action                   |  1- 3 |  4- 6 |  7- 9 | 10-12 || total
-------------------------+-------+-------+-------+-------++-------
Melee: Short sword       |   147 |   200 |     9 |       ||   356
       Unarmed           |     2 |       |    30 |       ||    32
       Spear             |       |       |   373 |   120 ||   493
 Cast: Sandblast         |    15 |    32 |    17 |    33 ||    97
       Stone Arrow       |       |    17 |    44 |    15 ||    76
       Lee's Rapid Decon |       |       |     4 |     7 ||    11
       Mephitic Cloud    |       |       |     1 |       ||     1
Evoke: Wand              |       |     4 |     1 |       ||     5
  Use: Scroll            |     7 |     3 |     4 |     4 ||    18
       Potion            |     1 |     1 |     4 |     4 ||    10
 Stab: Sleeping          |     1 |       |     8 |       ||     9
       Invisible         |       |       |     3 |       ||     3
       Confused          |       |       |     2 |       ||     2
  Eat: Chunk             |     2 |     9 |    15 |     6 ||    32
       Ration            |       |       |     1 |       ||     1
Armor: Robe              |    61 |    60 |   195 |    70 ||   386
       Skin              |       |       |    16 |       ||    16
Dodge: Dodged            |   103 |   143 |   325 |    87 ||   658

Table legend:
 A = Non-vault XP
 B = Vault XP
 C = Vault XP percentage of total XP
 D = Non-vault monster count
 E = Vault monster count
 F = Vault count percentage of total count
                 A         B        C        D         E       F
            +---------+---------+-------+---------+---------+-------
      Total |    5651 |    3169 |  35.9 |     173 |      99 |  36.4
            +---------+---------+-------+---------+---------+-------
        D:1 |      53 |       5 |   8.6 |      27 |       3 |  10.0
        D:2 |      51 |      16 |  23.9 |      14 |       2 |  12.5
        D:3 |     178 |     676 |  79.2 |      13 |      49 |  79.0
        D:4 |     207 |    1380 |  87.0 |      20 |      16 |  44.4
        D:5 |     444 |       0 |   0.0 |      24 |       0 |   0.0
        D:6 |     607 |     492 |  44.8 |      20 |      26 |  56.5
        D:7 |     375 |      40 |   9.6 |      16 |       1 |   5.9
        D:8 |    1604 |       0 |   0.0 |      20 |       0 |   0.0
        D:9 |    2132 |     560 |  20.8 |      19 |       2 |   9.5
            +---------+---------+-------+---------+---------+-------
